 Dungeon Crawl Stone Soup version 0.27.0-66-gdc8fb28755 (webtiles) character file.

Game seed: 16954865473346427689

33063 Malachi the Severer (level 13, -15/96 HPs)
             Began as a Hill Orc Fighter on Aug 19, 2021.
             Was a High Priest of Beogh.
             Killed from afar by a fire dragon (47 damage)
             ... with a blast of flame
             ... on level 6 of the Lair of Beasts.
             The game lasted 00:22:50 (14676 turns).

Malachi the Severer (Hill Orc Fighter)             Turns: 14676, Time: 00:22:51

Health: -15/96     AC: 22    Str: 27    XL:     13   Next: 68%
Magic:  21/21      EV:  9    Int:  4    God:    Beogh [*****.]
Gold:   856        SH: 33    Dex: 22    Spells: 12/12 levels left

rFire    . . .     SeeInvis .   p - +2 hand axe (flame)
rCold    + . .     Faith    .   j - +10 tower shield of Ignorance {rN+ Int-4}
rNeg     + . .     Spirit   .   g - +5 troll leather armour of the Inquisitive Beasts {Rampage Drain rC+ Regen+ Slay+2}
rPois    .         Reflect  .   e - +2 helmet
rElec    .         Harm     .   u - +2 cloak {Will+}
rCorr    .         Rampage  +   m - +2 pair of gloves {Str+3}
Will     +....                  L - +2 pair of boots
Stlth    ++........             N - amulet of regeneration
HPRegen  2.26/turn              w - +6 ring of dexterity
MPRegen  0.17/turn              K - +6 ring of dexterity

@: no status effects
A: walk on water
a: Renounce Religion, Smiting, Recall Orcish Followers, Give Item to Named
Follower


You were on level 6 of the Lair of Beasts.
You worshipped Beogh.
Beogh was extremely pleased with you.
You visited 2 branches of the dungeon, and saw 15 of its levels.

You collected 2217 gold pieces.
You spent 1361 gold pieces at shops.

Inventory:

Hand Weapons
 a - a +0 war axe of draining
 p - a +2 hand axe of flaming (weapon)
 D - a +4 scimitar of flaming
Missiles
 z - 7 throwing nets (quivered)
 G - 4 curare-tipped darts
Armour
 e - a +2 helmet (worn)
 g - the +5 troll leather armour of the Inquisitive Beasts (worn) {Rampage Drain rC+ Regen+ Slay+2}
   (You bought it in a shop on level 4 of the Dungeon)

   Slay:      It affects your accuracy & damage with ranged weapons and melee
   (+2).
   rC:        It protects you from cold.
   Regen:     It increases your rate of health regeneration.
   Drain:     It drains your maximum health when unequipped.
   Rampage:   It bestows one free step when moving towards enemies.
 j - the +10 tower shield of Ignorance (worn) {rN+ Int-4}
   (You bought it in a shop on level 4 of the Dungeon)

   Int:       It affects your intelligence (-4).
   rN:        It protects you from negative energy.
 m - a +2 pair of gloves of strength (worn)
 u - a +2 cloak of willpower (worn)
 L - a +2 pair of boots (worn)
Jewellery
 b - a ring of fire
 w - a +6 ring of dexterity (left hand)
 J - an amulet of reflection
 K - a +6 ring of dexterity (right hand)
 M - a ring of magical power
 N - an amulet of regeneration (around neck)
Wands
 c - a wand of flame (21)
 l - a wand of acid (10)
 s - a wand of mindburst (10)
 x - a wand of paralysis (22)
 y - a wand of polymorph (13)
 C - a wand of iceblast (7)
 O - a wand of digging (5)
Scrolls
 k - 2 scrolls of teleportation
 q - 12 scrolls of identify
 t - a scroll of amnesia
 v - 4 scrolls of fear
 B - a scroll of magic mapping
Potions
 d - 2 potions of might
 f - 2 potions of heal wounds
 h - a potion of attraction {unknown}
 i - 5 potions of curing
 n - 3 potions of lignification {unknown}
 o - 4 potions of brilliance {unknown}
 r - 3 potions of degeneration {unknown}
 A - a potion of cancellation {unknown}
 E - 2 potions of haste {unknown}
 F - a potion of mutation {unknown}
 H - 2 potions of flight {unknown}
 I - a potion of ambrosia {unknown}


   Skills:
 - Level 3.9 Fighting
 - Level 17.0 Axes
 - Level 3.5 Armour
 * Level 16.8 Shields
 * Level 11.5 Invocations


You had 12 spell levels left.
You didn't know any spells.
Your spell library contained the following spells:

 Spells                   Type           Power      Damage    Failure   Level
 Foxfire                  Conj/Fire      0%         2x1d4     88%         1
 Magic Dart               Conj           0%         1d3       88%         1
 Shock                    Conj/Air       0%         1d3       88%         1
 Call Imp                 Summ           0%         N/A       95%         2
 Conjure Flame            Conj/Fire      0%         6-21      99%         3
 Dazzling Flash           Conj/Hex       0%         N/A       99%         3
 Frozen Ramparts          Ice            0%         1d2       99%         3
 Gell's Gravitas          Tloc           0%         N/A       99%         3
 Ignite Poison            Fire/Tmut/Pois 0%         N/A       99%         3
 Inner Flame              Hex/Fire       0%         N/A       99%         3
 Lesser Beckoning         Tloc           0%         N/A       99%         3
 Mephitic Cloud           Conj/Pois/Air  0%         N/A       99%         3
 Stone Arrow              Conj/Erth      0%         3d7       99%         3
 Teleport Other           Tloc           0%         N/A       99%         3
 Animate Armour           Summ/Erth      0%         N/A       100%        4
 Ice Form                 Ice/Tmut       0%         N/A       100%        4
 Iskenderun's Mystic Bla  Conj/Tloc      0%         2d3       100%        4
 Summon Ice Beast         Ice/Summ       0%         N/A       100%        4
 Fireball                 Conj/Fire      0%         3d3       100%        5
 Conjure Ball Lightning   Conj/Air       0%         3x3d6     100%        6
 Starburst                Conj/Fire      0%         6d3       100%        6
 Lehudib's Crystal Spear  Conj/Erth      0%         10d2      100%        8


Dungeon Overview and Level Annotations

Branches:
Dungeon (9/15)             Temple (0/1) D:7            Lair (6/6) D:9
  Swamp (0/4) Lair:3       Spider (0/4) Lair:3        Slime (0/5) Lair:6
    Orc: D:9-12

Altars:
Makhleb
Nemelex Xobeh
Ru
Trog
Vehumet
Xom
Zin
The Shining One
Jiyva
Lugonu

Shops:
D:4 [   D:6 ?

Portals:
Abyss: D:3


Message History

You block the swamp dragon's attack.
You hit the swamp dragon. You burn the swamp dragon.
The swamp dragon is severely wounded.
You hit the plant. You burn the plant.
You are engulfed in poison gas.
You are more poisoned.
You feel extremely sick.
Your orc high priest mumbles some strange prayers to Beogh.
You hit the swamp dragon but do no damage.
The swamp dragon is severely wounded.
You hit the plant. You burn the plant.
You are engulfed in poison gas.
You are more poisoned.
You feel extremely sick. You block the swamp dragon's attack. x3
You slash the swamp dragon! You burn the swamp dragon.
The swamp dragon is almost dead.
You slash the plant! You burn the plant.
You are engulfed in poison gas.
You are more poisoned.
You feel extremely sick.
Your sixfirhy is poisoned.
Your sixfirhy hits the swamp dragon.
Your sixfirhy shocks the swamp dragon!
The swamp dragon dies!
Beogh accepts your kill.
You are too injured to fight recklessly!
You feel much better.
You are engulfed in poison gas.
You are more poisoned.
You feel extremely sick.
The fire dragon barely misses your sixfirhy.
The fire dragon claws your sixfirhy.
The fire dragon barely misses your sixfirhy.
You feel extremely sick.
A nearby plant withers and dies.
The fire dragon misses your sixfirhy. The fire dragon claws your sixfirhy!
The fire dragon tramples your sixfirhy!
Your sixfirhy stumbles backwards!
You feel extremely sick. The fire dragon bites your sixfirhy!
Your sixfirhy dies!
It was a potion of curing.
You feel better. The fire dragon breathes flames at you.
The blast of flame hits you!!!
You die...

♣4≈♣♣≈..♣ ≈≈≈≈≈♣
♣♣♣♣†♣♣..≈≈♣♣ ≈≈≈≈≈≈♣
♣.♣≈≈♣♣♣..≈≈♣♣.≈≈≈≈≈♣
♣♣4≈♣≈.♣..≈..♣♣PD≈≈≈♣
♣.≈.♣.[♣..≈♣♣♣..§.≈.♣
♣.≈♣♣♣..♣♣.≈≈♣♣..≈.≈♣
♣♣≈.♣♣...♣≈!≈≈≈§.P.♣
♣♣..♣♣.♣♣♣♣oo≈≈†P..♣
♣♣≈≈♣♣♣♣♣ ♣♣4.4@..♣♣
P≈≈..o### ♣♣♣♣♣♣♣♣
........###########
..................#
.................##
.................#
.................#
.................####
.................#.≈♣#


You could see a fire dragon (catching breath, ally target), the friendly Herok
the orc knight, a friendly orc high priest (poisoned) and 2 friendly ice devils.

Vanquished Creatures
  Harold (D:9)
  4 hydras
  Erica (Lair:1)
  2 death yaks
  Sonja (Lair:2)
  2 lindwurms
  8 elephants
  A black mamba (Lair:6)
  A torpor snail (Lair:2)
  4 komodo dragons
  8 cane toads
  A polar bear (Lair:6)
  A tyrant leech (Lair:2)
  A jumping spider (Lair:3)
  4 dream sheep
  11 yaks
  7 spriggans
  2 wyverns
  Eustachio (D:6)
  3 basilisks
  2 steam dragons (Lair:6)
  2 swamp worms (Lair:3)
  6 water moccasins
  5 black bears
  A necrophage (D:5)
  A sky beast (D:7)
  An ogre (D:5)
  5 wolves (Lair:4)
  3 centaurs
  2 kobold brigands
  4 bullfrogs
  A gnoll sergeant (D:9)
  7 scorpions
  11 killer bees
  5 wights (D:9)
  2 bullfrog zombies
  4 centaur zombies
  5 hounds
  2 jellies (D:6)
  An orc priest (D:8)
  Crazy Yiuf (D:5)
  A bullfrog skeleton (D:5)
  4 iguanas
  3 orc wizards
  A killer bee zombie (D:7)
  2 hound skeletons (D:4)
  3 howler monkey zombies
  A howler monkey skeleton (D:6)
  10 gnolls
  3 adders (D:6)
  2 white imps
  3 worms
  5 dart slugs
  21 orcs
  4 endoplasms
  2 giant cockroaches
  A goblin (D:1)
  10 hobgoblins
  3 jackals (D:1)
  5 quokkas
  6 ball pythons
  6 bats
  16 kobolds
  9 rats
256 creatures vanquished.

Vanquished Creatures (collateral kills)
  A boulder beetle (Lair:3)
  A hydra (Lair:6)
  A catoblepas (Lair:6)
  4 death yaks (Lair:3)
  A swamp dragon (Lair:6)
  5 elephants (Lair:5)
  2 black mambas
  2 cane toads
  A torpor snail (Lair:5)
  5 komodo dragons
  8 dream sheep
  5 blink frogs (Lair:4)
  A redback (Lair:3)
  2 basilisks
  15 yaks
  2 steam dragons (Lair:6)
  A water moccasin (Lair:6)
  A swamp drake (Lair:6)
  2 bullfrogs
60 creatures vanquished.

Vanquished Creatures (others)
  An orc priest (Lair:3)
  3 orcs (Lair:3)
  A bush (Lair:3)
  32 fungi
  46 plants
83 creatures vanquished.

Grand Total: 399 creatures vanquished

Notes
Turn   | Place    | Note
-------+----------+-------------------------------------------
     0 | D:1      | Malachi the Hill Orc Fighter began the quest for the Orb.
     0 | D:1      | Reached XP level 1. HP: 19/19 MP: 1/1
   144 | D:1      | Reached XP level 2. HP: 25/27 MP: 2/2
   203 | D:1      | Reached skill level 3 in Axes
   474 | D:1      | Reached XP level 3. HP: 26/33 MP: 3/3
   964 | D:1      | Reached skill level 4 in Axes
  1508 | D:2      | Reached XP level 4. HP: 40/40 MP: 4/4
  1513 | D:2      | Found a faded altar of an unknown god.
  2135 | D:2      | Got the Tome of the Excruciating Blaze
  2197 | D:3      | Reached skill level 5 in Axes
  2528 | D:3      | Found a large runed translucent door.
  2529 | D:3      | Found a large runed translucent door.
  2530 | D:3      | Found a corrupted altar of Lugonu.
  2557 | D:3      | Found a one-way gate to the infinite horrors of the Abyss.
  2567 | D:3      | Reached XP level 5. HP: 46/46 MP: 5/5
  3316 | D:4      | Found Anivosk's Armour Emporium.
  3472 | D:4      | Found a bloodstained altar of Trog.
  3482 | D:4      | Noticed a black bear
  3494 | D:4      | Killed a black bear
  3495 | D:4      | Reached skill level 6 in Axes
  3495 | D:4      | Reached XP level 6. HP: 25/52 MP: 6/6
  3850 | D:4      | Reached skill level 5 in Shields
  3859 | D:4      | Identified a scroll of acquirement
  3859 | D:4      | Acquired 1367 gold pieces
  3886 | D:4      | Bought the +5 troll leather armour of the Inquisitive
                  | Beasts {Rampage Drain rC+ Regen+ Slay+2} for 568 gold
                  | pieces
  3886 | D:4      | Bought the +10 tower shield of Ignorance {rN+ Int-4} for
                  | 573 gold pieces
  3886 | D:4      | Found the +10 tower shield of Ignorance {rN+ Int-4}
  3886 | D:4      | Bought a +0 pair of gloves of strength for 115 gold pieces
  4059 | D:4      | Reached skill level 7 in Axes
  4192 | D:4      | Found a radiant altar of Vehumet.
  4298 | D:5      | Entered Level 5 of the Dungeon
  4319 | D:5      | Reached XP level 7. HP: 58/58 MP: 7/7
  4342 | D:5      | Reached skill level 8 in Axes
  4374 | D:5      | Became a worshipper of Beogh the Brigand
  4657 | D:5      | Found a runed translucent door.
  4658 | D:5      | Noticed Crazy Yiuf
  4890 | D:5      | Reached XP level 8. HP: 66/66 MP: 8/8
  4891 | D:5      | Reached skill level 9 in Axes
  4908 | D:5      | Found a glowing silver altar of Zin.
  5115 | D:5      | Killed Crazy Yiuf
  5234 | D:6      | Found Zeru's Magic Scroll Shop.
  5260 | D:6      | Bought a scroll of enchant armour for 105 gold pieces
  5267 | D:6      | Found a sacrificial altar of Ru.
  5309 | D:6      | Noticed Eustachio
  5328 | D:6      | Killed Eustachio
  5329 | D:6      | Reached skill level 10 in Axes
  5629 | D:6      | Reached * piety under Beogh
  5727 | D:6      | Found a burning altar of Makhleb.
  5731 | D:6      | Found a glowing golden altar of the Shining One.
  5736 | D:6      | Found a shimmering altar of Xom.
  6033 | D:7      | Found a sparkling altar of Nemelex Xobeh.
  6075 | D:7      | Noticed a wyvern
  6086 | D:7      | Killed a wyvern
  6087 | D:7      | Reached skill level 11 in Axes
  6087 | D:7      | Reached XP level 9. HP: 63/71 MP: 9/9
  6699 | D:7      | Found a staircase to the Ecumenical Temple.
  7656 | D:8      | Reached skill level 12 in Axes
  7909 | D:9      | Found a staircase to the Lair.
  7909 | D:9      | Noticed an elephant
  7924 | D:8      | Reached skill level 10 in Shields
  7993 | D:9      | Killed an elephant
  7994 | D:9      | Reached XP level 10. HP: 74/78 MP: 10/10
  8023 | D:9      | Reached ** piety under Beogh
  8024 | D:9      | Reached skill level 13 in Axes
  8397 | D:9      | Noticed Harold
  8427 | D:9      | Killed Harold
  8535 | Lair:1   | Entered Level 1 of the Lair of Beasts
  8544 | Lair:1   | Noticed Erica
  8555 | Lair:1   | Killed Erica
  8556 | Lair:1   | Reached skill level 14 in Axes
  8693 | Lair:1   | Noticed a cane toad
  8706 | Lair:1   | Killed a cane toad
  9264 | Lair:2   | Found a burning altar of Makhleb.
  9317 | Lair:2   | Reached XP level 11. HP: 80/83 MP: 11/11
  9486 | Lair:2   | Reached skill level 15 in Axes
  9530 | Lair:2   | Reached *** piety under Beogh
  9630 | Lair:2   | Noticed Sonja
  9649 | Lair:2   | Killed Sonja
 10295 | Lair:3   | Noticed a death yak
 10295 | Lair:3   | Noticed a death yak
 10295 | Lair:3   | Noticed a death yak
 10295 | Lair:3   | Noticed a death yak
 10296 | Lair:3   | Noticed a death yak
 10315 | Lair:2   | Killed a death yak
 10461 | Lair:3   | Reached skill level 16 in Axes
 10477 | Lair:3   | Noticed a seven-headed hydra
 10486 | Lair:3   | Killed a two-headed hydra
 10499 | Lair:3   | Noticed a death yak
 10648 | Lair:3   | Reached XP level 12. HP: 81/91 MP: 12/12
 10691 | Lair:3   | Reached skill level 17 in Axes
 10869 | Lair:3   | Found a staircase to the Swamp.
 11071 | Lair:3   | Killed a death yak
 11130 | Lair:3   | Killed a death yak
 11134 | Lair:3   | Killed a death yak
 11137 | Lair:3   | Killed a death yak
 11143 | Lair:3   | Killed a death yak
 11393 | Lair:3   | Noticed a boulder beetle
 11402 | Lair:3   | Killed a boulder beetle
 11403 | Lair:3   | Reached skill level 15 in Shields
 11403 | Lair:3   | Reached skill level 5 in Invocations
 11520 | Lair:3   | Found a hole to the Spider Nest.
 11682 | Lair:4   | Reached **** piety under Beogh
 13108 | Lair:5   | Reached XP level 13. HP: 96/96 MP: 19/19
 13330 | Lair:5   | Reached ***** piety under Beogh
 13717 | Lair:6   | Entered Level 6 of the Lair of Beasts
 13766 | Lair:6   | Reached skill level 10 in Invocations
 13851 | Lair:6   | Gained Herok as an ally
 14089 | Lair:6   | Found a staircase to the Slime Pits.
 14091 | Lair:6   | Found a viscous altar of Jiyva.
 14668 | Lair:6   | Noticed a fire dragon
 14676 | Lair:6   | Killed from afar by a fire dragon

Illustrated notes

Levels and vault maps discovered:
D:1:      dpeg_arrival_castle, layout_basic, hex_medium,
          minmay_misc_feat_ornament, minmay_rat_gold_closets
D:2:      layout_loops_cross, hellmonk_ecumenical_altar_blasted
D:3:      due_chaos_kobolds, layout_basic, dk_noncrumbling_3,
          hangedman_decor_peaks_small
D:4:      layout_gridville, nicolae_vehumet_altar_sigil, lemuel_crystal_altar,
          serial_shops, shop, chequers_decorated_corner
D:5:      layout_basic, mainiacjoe_overflow_alcove_1, uniq_crazy_yiuf_cottage
D:6:      layout_basic, nicolae_ru_awakened_eye, grunt_temple_overflow_diamond,
          cheibrodos_sewer_entry_bend, amcnicky_mini_rare_corridor_liquid,
          grunt_decor_junction, nicolae_stop_n_shop_1, corexii_leaking_fountain,
          uniq_eustachio
D:7:      layout_layer_cave, nemelex_spade_bored_becter,
          minmay_temple_entry_statues_pillars
D:8:      layout_loops_cross, nicolae_straight_to_the_point
D:9:      layout_basic, david_lair_generic, uniq_harold
Lair:1:   layout_regular_city, serial_bayou_pond_c, lemuel_fruit_tree,
          serial_bayou_shore_b, uniq_erica
Lair:2:   layout_regular_city, basic_altar, wad_woods_01, uniq_sonja
Lair:3:   layout_hall_layers, minmay_swamp_entry_worms,
          spider_nest_entry_funnel_web, infiniplex_staircase_pool_2
Lair:4:   layout_loops_ring
Lair:5:   layout_regular_city, grunt_forest_stairs_basic, wad_woods_03
Lair:6:   guppyfry_lair_end_dragon, layout_regular_city, slime_altar_1,
          chequers_serial_rivers_micro_b, serial_bayou_shore_b

Skill      XL: |  1  2  3  4  5  6  7  8  9 10 11 12 13 |
---------------+----------------------------------------+-----
Axes           | 3 4 5 6 7 8 11 12 14 16 17 | 17.0
Shields        | 4 5 6 8 10 12 14 15 16 | 16.8
Invocations    | 8 11 | 11.5
Fighting       | |  3.9
Armour         | |  3.5

Action                   |  1- 3 |  4- 6 |  7- 9 | 10-12 | 13-15 || total
-------------------------+-------+-------+-------+-------+-------++-------
Melee: War axe           |    91 |   167 |   272 |   567 |   105 ||  1202
       Hand axe          |       |       |    24 |     5 |    84 ||   113
       Demon trident     |       |       |       |    28 |       ||    28
Invok: Convert to Beogh  |       |       |     1 |       |       ||     1
       Give Item to Name |       |       |       |       |     1 ||     1
  Use: Scroll            |     1 |     4 |     7 |     2 |     1 ||    15
       Potion            |       |       |       |     3 |     2 ||     5
 Stab: Sleeping          |       |       |     1 |     1 |       ||     2
       Distracted        |       |       |       |       |     2 ||     2
Armor: Scale mail        |    61 |    88 |       |       |       ||   149
       Troll leather arm |       |    11 |    96 |    98 |    67 ||   272
Dodge: Dodged            |    34 |    50 |    31 |    52 |    29 ||   196
Block: Kite shield       |    50 |    79 |       |       |       ||   129
       Tower shield      |       |    44 |   419 |   687 |   228 ||  1378
